 Dungeon Crawl Stone Soup version 0.29-a0-993-g4a18f31a58 (webtiles) character file.

Game seed: 3106825402604312544

2074 concernfroge the Fighter (level 9, -11/78 HPs)
             Began as a Mummy Monk on Aug 3, 2022.
             Was a Priest of Cheibriados.
             Hit by a large rock thrown by a cyclops (34 damage)
             ... on level 7 of the Dungeon.
             The game lasted 00:23:12 (7540 turns).

concernfroge the Fighter (Mummy Monk)               Turns: 7540, Time: 00:23:13

Health: -11/78     AC: 13    Str: 24    XL:     9   Next: 6%
Magic:  9/9        EV:  8    Int: 18    God:    Cheibriados [***...]
Gold:   93         SH:  5    Dex: 24    Spells: 8/8 levels left

rFire   x . .      SeeInvis .   b - +2 demon blade (elec)
rCold   + . .      Faith    .   (no shield)
rNeg    + + +      Spirit   .   d - +0 plate armour
rPois   ∞          Reflect  +   (no helmet)
rElec   .          Harm     .   j - scarf {shadows}
rCorr   .          Rampage  .   a - +2 pair of gloves
Will    +....                   (no boots)
Stlth   ..........              h - amulet of reflection
HPRegen 0.23/turn               m - ring of flight
MPRegen 0.11/turn               (no ring)

@: flying, very slow
A: cold resistance 1, negative energy resistance 3, torment resistance 2, heat
vulnerability 1, in touch with death 1, no potions
a: Renounce Religion, Bend Time, Temporal Distortion


You were on level 7 of the Dungeon.
You worshipped Cheibriados.
Cheibriados was most pleased with you.
You visited 2 branches of the dungeon, and saw 8 of its levels.
You also visited: Ossuary.

You collected 588 gold pieces.
You spent 495 gold pieces at shops.

Inventory:

Hand Weapons
 b - a +2 demon blade of electrocution (weapon)
 c - a +0 scythe
Missiles
 g - 16 poisoned darts (quivered)
 l - 2 javelins
Armour
 a - a +2 pair of gloves (worn)
 d - a +0 plate armour (worn)
 j - a scarf of shadows (worn)
Jewellery
 e - a ring of protection from cold
 h - an amulet of reflection (around neck)
 m - a ring of flight (left hand)
 r - an amulet of the acrobat
Scrolls
 f - a scroll of teleportation
 i - a scroll of vulnerability
 k - a scroll of immolation
 n - 2 scrolls of identify {unknown}
 o - 3 scrolls of magic mapping {unknown}
 p - a scroll of amnesia {unknown}
 q - a scroll of fog {unknown}


   Skills:
 - Level 10.0 Fighting
 + Level 5.9 Long Blades
 - Level 2.4 Polearms
 - Level 2.4 Dodging
 - Level 1.5 Stealth


You had 8 spell levels left.
You didn't know any spells.
Your spell library contained the following spells:

 Spells                   Type           Power      Damage    Failure   Level
 Gell's Gravitas          Tloc           0%         N/A       100%        3
 Teleport Other           Tloc           0%         N/A       100%        3
 Animate Dead             Necr           0%         N/A       100%        4
 Dispersal                Tloc           0%         N/A       100%        6
 Haunt                    Necr/Summ      0%         N/A       100%        7
 Infestation              Necr           0%         N/A       100%        8


Dungeon Overview and Level Annotations

Branches:
Dungeon (7/15)             Temple (1/1) D:6         Ossuary (visited)

Altars:
Cheibriados
Fedhas
Gozag
Hepliaklqana
Kikubaaqudgha
Makhleb
Okawaru
Ru
Sif Muna
Trog
Uskayaw
Vehumet
Wu Jian

Shops:
D:4 (

Annotations:
D:5 1 runed translucent door, jujuben's ghost, novice SpHu


Innate Abilities, Weirdness & Mutations

You are immune to poison.
Your flesh is cold resistant. (rC+)
You are immune to negative energy. (rN+++)
You are immune to unholy pain and torment.
You are vulnerable to heat. (rF-)
You are in touch with the powers of death.
You do not drink.


Message History

The stone arrow misses you.
The two-headed ogre is engulfed in poison gas.
The two-headed ogre is poisoned.
The orc warrior is engulfed in poison gas.
The orc warrior looks as sick as possible!
You kill the orc warrior!
Cheibriados appreciates the change of pace.
The two-headed ogre is engulfed in poison gas.
The two-headed ogre looks even sicker.
The howler monkey hoots and howls with incredible vigour!
The two-headed ogre is engulfed in poison gas.
The two-headed ogre looks even sicker.
Cheibriados appreciates the change of pace.
You feel a bit more experienced.
The two-headed ogre is engulfed in poison gas.
The two-headed ogre looks as sick as possible!
The gargoyle hurls a stone arrow at you.
The stone arrow reflects off an invisible shield around you!
The stone arrow hits the gargoyle!
The two-headed ogre is engulfed in poison gas.
The two-headed ogre looks as sick as possible!
The two-headed ogre misses you. The two-headed ogre closely misses you.
You have reached level 9!
Your experience leads to an increase in your attributes!
Your base attributes are Str 16, Int 10, Dex 14.
Increase (S)trength, (I)ntelligence, or (D)exterity?
You feel agile. x2
The gargoyle hurls a stone arrow at you.
The stone arrow hits you!
The two-headed ogre is engulfed in poison gas.
The two-headed ogre looks as sick as possible!
The cyclops throws a large rock.
The large rock hits you!! The gargoyle hits you with a +0 mace!
* * * LOW HITPOINT WARNING * * *
Okay, then.
The howler monkey hoots and howls with incredible vigour!
The two-headed ogre is engulfed in poison gas.
The two-headed ogre looks as sick as possible!
The cyclops throws a large rock.
The large rock hits you!!
You die...

.#......#####...### #.
....#.#.#.#.'....# #..
.####...##..####°#### #...
.#......#.).#..§☼§..# #....
.####.####'##.⌠☼.°°.# #....$
.####.#888.##...°°○§##)C..$(
......'....8#..○☼°○☼'Ch...!#
....###888.##..°O9☼°##T...(/
....# ####+##.⌠°@○°.# #....?
....# #..°°○..# #.... ....#
####'#### #... ....# ...#
#.. ....# ..## #. ....# ##


You could see a two-headed ogre (extremely poisoned), a cyclops (poisoned), a
gargoyle and a howler monkey (poisoned, catching breath).

Vanquished Creatures
  Grinder (D:5)
  Sigmund (D:5)
  A steam dragon (D:7)
  An ice beast (D:7)
  An ogre (D:7)
  An orc warrior (D:7)
  A sky beast (D:6)
  A phantom (D:6)
  2 kobold brigands
  A necrophage (D:7)
  2 bullfrogs (D:7)
  2 scorpions
  A killer bee (D:7)
  A centaur zombie (Ossuary)
  A hound (D:7)
  2 jellies
  An orc priest (D:3)
  A gnoll bouda (D:7)
  2 iguanas (D:6)
  Natasha (thrice) (D:3)
  2 mummies (Ossuary)
  3 adders
  15 gnolls
  2 white imps
  A worm (D:4)
  6 dart slugs
  20 orcs
  10 ball pythons
  7 bats
  10 endoplasms
  3 giant cockroaches
  4 gnoll zombies (Ossuary)
  8 goblins
  4 hobgoblins
  3 jackals (D:4)
  19 kobolds
  2 quokkas
  A frilled lizard (D:3)
  A goblin zombie (Ossuary)
  2 hobgoblin zombies (Ossuary)
  6 orc zombies (Ossuary)
  2 rats (D:1)
158 creatures vanquished.

Vanquished Creatures (others)
  7 plants (D:1)
7 creatures vanquished.

Grand Total: 165 creatures vanquished

Notes
Turn   | Place    | Note
-------+----------+-------------------------------------------
     0 | D:1      | concernfroge the Mummy Monk began the quest for the Orb.
     0 | D:1      | Reached XP level 1. HP: 18/18 MP: 1/1
     2 | D:1      | Noticed a human
     4 | D:1      | Noticed a tengu
     4 | D:1      | Noticed a minotaur
     6 | D:1      | Noticed a draconian
     8 | D:1      | Noticed a demonspawn
     8 | D:1      | Noticed a vine stalker
    10 | D:1      | Noticed a troll
    12 | D:1      | Noticed a felid
    12 | D:1      | Noticed a naga
    14 | D:1      | Noticed a dwarf
    16 | D:1      | Noticed a vampire
    16 | D:1      | Noticed an elf
    18 | D:1      | Noticed a demigod
    18 | D:1      | Noticed an ogre
    20 | D:1      | Noticed a ghoul
    20 | D:1      | Noticed a gargoyle
    22 | D:1      | Noticed an octopode
    22 | D:1      | Noticed a merfolk
    24 | D:1      | Noticed a formicid
    26 | D:1      | Noticed a spriggan
   124 | D:1      | Reached XP level 2. HP: 24/25 MP: 2/2
   330 | D:1      | Reached skill level 4 in Fighting
   502 | D:1      | Gained mutation: You are in touch with the powers of death.
                  | [Mummy growth]
   502 | D:1      | Reached XP level 3. HP: 18/30 MP: 3/3
  1515 | D:2      | Found a radiant altar of Vehumet.
  1940 | D:3      | Noticed Natasha
  1952 | D:3      | Reached XP level 4. HP: 38/38 MP: 4/4
  1969 | D:3      | Killed Natasha
  1970 | D:3      | Reached skill level 5 in Fighting
  2202 | D:3      | Noticed Natasha
  2209 | D:3      | Killed Natasha
  2210 | D:3      | Reached XP level 5. HP: 46/46 MP: 5/5
  2238 | D:3      | Reached skill level 6 in Fighting
  2289 | D:3      | Found a hazy altar of Hepliaklqana.
  2297 | D:3      | Found a bloodstained altar of Trog.
  2463 | D:3      | Found a faded altar of an unknown god.
  2693 | D:3      | Noticed Natasha
  2710 | D:3      | Killed Natasha
  3031 | D:4      | Found a sand-covered staircase.
  3042 | Ossuary  | Entered an ossuary
  3305 | Ossuary  | Reached XP level 6. HP: 53/53 MP: 6/6
  3508 | D:4      | Reached skill level 7 in Fighting
  3527 | D:5      | Entered Level 5 of the Dungeon
  3713 | D:5      | Noticed Sigmund
  3890 | D:4      | Found Hellarou's Weapon Shop.
  4066 | D:4      | Found a snail-covered altar of Cheibriados.
  4085 | D:4      | Became a worshipper of Cheibriados the Contemplative
  4085 | D:4      | Reached * piety under Cheibriados
  4085 | D:4      | Reached ** piety under Cheibriados
  4604 | D:5      | Found a runed translucent door.
  4604 | D:5      | Noticed jujuben's ghost (novice SpHu)
  4672 | D:5      | Identified the +4 robe of the Ten Mouths {rN+ Str+3}
  4808 | D:5      | Noticed Grinder
  4813 | D:5      | Killed Grinder
  4814 | D:5      | Reached skill level 8 in Fighting
  4814 | D:5      | Reached XP level 7. HP: 61/63 MP: 7/7
  4909 | D:4      | Bought a +2 demon blade of electrocution for 495 gold
                  | pieces
  5064 | D:5      | Killed Sigmund
  5065 | D:5      | Reached skill level 9 in Fighting
  5388 | D:6      | Found a staircase to the Ecumenical Temple.
  5396 | Temple   | Entered the Ecumenical Temple
  5518 | D:6      | Found a sacrificial altar of Ru.
  5922 | D:6      | Found an opulent altar of Gozag.
  5922 | D:6      | Found a shimmering blue altar of Sif Muna.
  6015 | D:6      | Reached XP level 8. HP: 70/72 MP: 8/8
  6019 | D:6      | Reached skill level 10 in Fighting
  6026 | D:6      | Reached *** piety under Cheibriados
  6272 | D:6      | Reached skill level 1 in Long Blades
  6317 | D:6      | Found a burning altar of Makhleb.
  7507 | D:7      | Reached skill level 5 in Long Blades
  7530 | D:7      | Noticed a gargoyle
  7530 | D:7      | Noticed a two-headed ogre
  7531 | D:7      | Noticed a troll
  7531 | D:7      | Noticed a cyclops
  7539 | D:7      | Reached XP level 9. HP: 78/78 MP: 9/9
  7540 | D:7      | Hit by a large rock thrown by a cyclops

Illustrated notes

Levels and vault maps discovered:
D:1:      kb_arrival_jail, layout_basic, serial_bayou_pond_c
D:2:      layout_loops_cross, basic_altar, lemuel_flame_loot_1
D:3:      layout_loops_ring, lemuel_crystal_altar,
          mainiacjoe_overflow_tiny_flanked,
          hellmonk_ecumenical_altar_crossroads, kennysheep_nondescript,
          kennysheep_generic_room_11, uniq_natasha
D:4:      layout_rooms, marbit_many_paths, cheibrodos_worm_habitat,
          serial_shops, nicolae_shop_trees, enter_ossuary_1
D:5:      layout_rooms, gammafunk_ghost_grave, hangedman_decor_opposing,
          uniq_grinder, uniq_sigmund
D:6:      layout_basic, old_standard_altar, gammafunk_temple_overflow_wave,
          lemuel_tele_altar, nicolae_tso_carved_into_rock,
          minmay_temple_entry_waves
D:7:      minmay_chambers_of_sevens, layout_basic
Temple:   nicolae_temple_superstar

Skill      XL: |  1  2  3  4  5  6  7  8 |
---------------+-------------------------+-----
Fighting       | 4 5 6 8 9 10 | 10.0
Long Blades    | 5 |  5.9
Polearms       | |  2.4
Dodging        | |  2.4
Stealth        | |  1.5

Action                   |  1- 3 |  4- 6 |  7- 9 || total
-------------------------+-------+-------+-------++-------
Melee: Spear             |   121 |       |       ||   121
       Dagger            |    46 |   358 |       ||   404
       Punch             |       |     1 |       ||     1
       Demon blade       |       |       |   157 ||   157
Throw: Javelin           |       |     1 |       ||     1
       Dart              |       |       |     1 ||     1
  Use: Scroll            |       |    10 |     2 ||    12
 Stab: Sleeping          |     1 |       |       ||     1
Armor: Plate armour      |    83 |   190 |    88 ||   361
       Robe              |     2 |       |       ||     2
Dodge: Dodged            |    39 |    59 |    53 ||   151
Block: Other             |    18 |    66 |    33 ||   117
       Reflection        |     1 |     1 |     3 ||     5

Table legend: (Time is in decaauts)
 A = Elapsed time spent in this place.
 B = Non-inter-level travel time spent in this place.
 C = Inter-level travel time spent in this place.
 D = Time resting spent in this place.
 E = Time spent auto-exploring this place.
 F = Levels seen in this place.
 G = Mean time per level.
                   A        B        C        D        E       F      G
               +--------+--------+--------+--------+--------+-----+--------+
         Total |   8801 |   7972 |    829 |      0 |   6599 |   9 |  977.9 |
       Dungeon |   8308 |   7489 |    819 |      0 |   6286 |   7 | 1186.9 |
        Temple |    148 |    139 |      9 |      0 |    127 |   1 |  148.0 |
       Ossuary |    344 |    344 |      0 |      0 |    185 |   1 |  344.0 |
               +--------+--------+--------+--------+--------+-----+--------+

Top non-repeatable levels by time:
     D:6: 2361 daAuts
     D:5: 1151 daAuts
     D:4: 1139 daAuts
     D:1: 1134 daAuts
     D:3: 1061 daAuts
     D:2: 797 daAuts
     D:7: 661 daAuts
 Ossuary: 344 daAuts
  Temple: 148 daAuts
